 Dungeon Crawl Stone Soup version 0.27-a0-1325-g58a489ad9e (webtiles) character file.

Game seed: 16923260623795934596

17 dinky3 the Sneak (level 2, 0/13 HPs)
             Began as a Spriggan Venom Mage on June 24, 2021.
             Slain by an orc (4 damage)
             ... on level 3 of the Dungeon.
             The game lasted 00:02:07 (349 turns).

dinky3 the Sneak (Spriggan Venom Mage)               Turns: 349, Time: 00:02:07

Health: 0/13       AC:  3    Str:  4    XL:     2   Next: 44%
Magic:  2/7        EV: 17    Int: 16    God:
Gold:   46         SH:  0    Dex: 15    Spells: 6/7 levels left

rFire    . . .     SeeInvis +   f - +0 dagger
rCold    . . .     Faith    .   (shield restricted)
rNeg     . . .     Spirit   .   a - +1 robe
rPois    .         Reflect  .   (helmet restricted)
rElec    .         Harm     .   (no cloak)
rCorr    .         Rampage  .   (gloves unavailable)
Will     .....                  (boots unavailable)
Stlth    ++........             (no amulet)
HPRegen  0.04/turn              (no ring)
MPRegen  0.10/turn              (no ring)

@: brilliant, very quick
A: very small, no large weapons, unfitting armour, see invisible, speed 3
a: no special abilities


You were on level 3 of the Dungeon.
You visited 1 branch of the dungeon, and saw 3 of its levels.

You collected 46 gold pieces.

Inventory:

Hand Weapons
 f - a +0 dagger (weapon)
Armour
 a - a +1 robe (worn)
Potions
 b - a potion of flight
 c - a potion of brilliance


   Skills:
 - Level 2.6 Dodging
 + Level 3.5 Stealth
 + Level 3.0 Spellcasting
 - Level 1.3 Transmutations
 * Level 3.4 Poison Magic


You had 6 spell levels left.
You knew the following spells:

 Your Spells              Type           Power      Damage    Failure   Level
a - Sting                 Tmut/Pois      60%        1d6       7%          1

Your spell library contained the following spells:

 Spells                   Type           Power      Damage    Failure   Level
 Poisonous Vapours        Pois/Air       24%        N/A       14%         2
 Ignite Poison            Fire/Tmut/Pois 11%        N/A       28%         3
 Mephitic Cloud           Conj/Pois/Air  9%         N/A       34%         3
 Olgreb's Toxic Radiance  Pois           20%        N/A       41%         4


Dungeon Overview and Level Annotations

Branches:
Dungeon (3/15)

Altars:


Innate Abilities, Weirdness & Mutations

You are very small and have problems with some larger weapons.
You are too small for most types of armour.
You have supernaturally acute eyesight. (SInv)
You cover ground extremely quickly. (Speed+++)


Message History

Found a stone staircase leading down.
g - a scroll labelled SURINT VUWNIK An adder comes into view.
The adder hisses angrily.
Casting: Sting (safe; 7% risk of failure)
Confirm with . or Enter, or press ? or * to list all spells.
You can't see any susceptible monsters within range! (Use Z to cast anyway.)
An orc comes into view. It is wielding a +0 hand axe.
An orc comes into view. It is wielding a +0 dagger.
The orc shouts!
You hear a shout! x2
The orc moves out of view. 2 orcs come into view.
The orc moves out of view.
An orc comes into view. It is wielding a +0 club.
A ball python comes into view.
Found an escape hatch in the ceiling.
The ball python hisses angrily.
You hit the orc.
The orc is moderately wounded.
The orc barely misses you.
You closely miss the orc.
The orc is moderately wounded.
The orc hits you with a +0 club.
* * * LOW HITPOINT WARNING * * *
Unknown command.
As you read the scroll labelled OCZALL QEDIUNE, it crumbles to dust.
The creatures around you are filled with an inner flame!
It was a scroll of immolation.
The orc barely misses you.
It was a potion of brilliance.
You feel clever all of a sudden. The orc barely misses you. x2
As you read the scroll labelled LYANKA UTARAAKH, it crumbles to dust.
It is a scroll of enchant armour.
Your +0 robe glows green for a moment.
The orc hits you but does no damage. The orc barely misses you.
As you read the scroll labelled SURINT VUWNIK, it crumbles to dust.
It is a scroll of identify.
b - a potion of flight The orc barely misses you.
The orc hits you with a +0 hand axe.
You die...

######
####....##############o
.....>...S.........o...
###....#######S####..
#....# #o# #....# #@#
#....# #.oS..<# ##.###
###.#### #.# ##### .#
#.# #... #
#.#####.##########
#...............'#
####.........#####
#######.r.......# ###


You could see an adder, 2 orcs and a ball python.

Vanquished Creatures
  An orc (D:3)
  A ball python (D:1)
  A giant cockroach (D:1)
  A goblin (D:2)
  4 jackals (D:3)
  A kobold (D:3)
  2 frilled lizards (D:1)
  4 rats
15 creatures vanquished.

Notes
Turn   | Place    | Note
-------+----------+-------------------------------------------
     0 | D:1      | dinky3 the Spriggan Venom Mage began the quest for the Orb.
     0 | D:1      | Reached XP level 1. HP: 9/9 MP: 5/5
   213 | D:3      | Reached XP level 2. HP: 13/13 MP: 3/6
   349 | D:3      | Slain by an orc

Illustrated notes

Levels and vault maps discovered:
D:1:      evilmike_arrival_crescent, layout_basic, minivault_27,
          minmay_hedge_maze, serial_park_tiny_pond, solitary_fountain
D:2:      layout_basic, basic_altar, ebering_ecumenical_altar_webs
D:3:      layout_basic, demons_altar, kiku_gazebo_garden_becter

Skill      XL: |  1  2 |
---------------+-------+-----
Spellcasting   | 3 |  3.0
Dodging        | |  2.6
Stealth        | |  3.5
Transmutations | |  1.3
Poison Magic   | |  3.4

Action                   || total
-------------------------++-------
Melee: Unarmed           ||    14
       Dagger            ||     3
 Cast: Sting             ||    21
  Use: Scroll            ||     3
       Potion            ||     1
 Stab: Sleeping          ||     1
       Distracted        ||     1
Armor: Robe              ||     2
Dodge: Dodged            ||    21

Table legend: (Time is in decaauts)
 A = Elapsed time spent in this place.
 B = Non-inter-level travel time spent in this place.
 C = Inter-level travel time spent in this place.
 D = Time resting spent in this place.
 E = Time spent auto-exploring this place.
 F = Levels seen in this place.
 G = Mean time per level.
                   A        B        C        D        E       F      G
               +--------+--------+--------+--------+--------+-----+--------+
         Total |    234 |    234 |      0 |      0 |      0 |   3 |   78.0 |
       Dungeon |    234 |    234 |      0 |      0 |      0 |   3 |   78.0 |
               +--------+--------+--------+--------+--------+-----+--------+

Top non-repeatable levels by time:
     D:3: 116 daAuts
     D:2: 62 daAuts
     D:1: 55 daAuts
